 Dungeon Crawl Stone Soup version 0.26-a0-812-g31a745ddcd (webtiles) character file.

Game seed: 328039435725172126

81619 kae the Black Belt (level 15, -5/91 HPs)
             Began as a Tengu Transmuter on Nov 24, 2020.
             Was the Champion of Wu Jian.
             Killed by divine providence
             ... invoked by a meliai
              (10 damage)
             ... on level 15 of the Dungeon.
             The game lasted 00:29:41 (31185 turns).

kae the Black Belt (Tengu Transmuter)              Turns: 31185, Time: 00:29:41

Health: -5/91      AC: 24    Str: 17    XL:     15   Next: 71%
Magic:  14/14      EV: 28    Int: 11    God:    Wu Jian [******]
Gold:   3029       SH:  0    Dex: 20    Spells: 11/24 levels left

rFire    . . .     SeeInvis .     - Unarmed
rCold    . . .     Faith    .   (no shield)
rNeg     . . .     Spirit   .   v - +6 swamp dragon scales
rPois    +         Reflect  .   Q - +1 hat {Int+3}
rElec    .         Harm     .   y - +2 cloak
rCorr    +         Rampage  +   B - +2 pair of gloves "Pifuad" {Rampage Str+2 Int-5}
MR       ++...                  (boots unavailable)
Stlth    +.........             K - amulet of magic regeneration
HPRegen  0.25/turn              x - +4 ring of evasion
MPRegen  0.39/turn              a - ring "Siwn" {rPois MR+ rCorr MP-9 Dex+3}

@: flying quickly and evasively, quick
A: beak, talons 3, able to fly
a: Stop Flying, Wall Jump, Serpent's Lash, Heavenly Storm, Renounce Religion


You were on level 15 of the Dungeon.
You worshipped Wu Jian.
Wu Jian was exalted by your worship.
You visited 2 branches of the dungeon, and saw 21 of its levels.
You also visited: Ossuary, Gauntlet and Ice Cave.

You collected 3201 gold pieces.
You spent 172 gold pieces at shops.

Inventory:

Armour
 j - the +0 cloak "Asopluas" {Int+4 Dex+4}
   (You found it on level 9 of the Dungeon)

   It affects your intelligence (+4).
   It affects your dexterity (+4).
 v - +6 swamp dragon scales (worn)
 y - a +2 cloak (worn)
 B - the +2 pair of gloves "Pifuad" (worn) {Rampage Str+2 Int-5}
   (You found it in an ice cave)

   It affects your strength (+2).
   It affects your intelligence (-5).
   It bestows one free step when moving towards enemies.
 C - a +2 hat
 Q - a +1 hat of intelligence (worn)
Jewellery
 a - the ring "Siwn" (right hand) {rPois MR+ rCorr MP-9 Dex+3}
   (You took it off a centaur on level 10 of the Dungeon)

   [ring of resist corrosion]

   It affects your dexterity (+3).
   It protects you from poison.
   It affects your resistance to hostile enchantments.
   It affects your magic capacity (-9).
   It provides partial protection from all sources of acid and corrosion.
 x - a +4 ring of evasion (left hand)
 A - an uncursed ring of poison resistance
 D - an uncursed ring of ice
 F - a +6 ring of dexterity
 G - an uncursed ring of protection from magic
 H - an uncursed ring of ice
 I - an uncursed ring of protection from cold
 K - an amulet of magic regeneration (around neck)
 L - an uncursed ring of see invisible
 M - an uncursed amulet of guardian spirit
 R - an uncursed ring of positive energy
 S - an uncursed ring of resist corrosion
 T - an uncursed amulet of reflection
Wands
 g - a wand of random effects (11)
 l - a wand of acid (28)
 m - a wand of polymorph (27)
 p - a wand of flame (44)
 s - a wand of disintegration (18)
 J - a wand of iceblast (8)
Scrolls
 e - 12 scrolls of teleportation
 k - 14 scrolls of remove curse
 n - 8 scrolls of blinking
 q - 7 scrolls of fog
 r - 5 scrolls of identify
 w - 5 scrolls of amnesia
 E - 2 scrolls of enchant weapon
Potions
 b - a potion of cancellation
 c - a potion of resistance
 d - 5 potions of lignification
 f - 7 potions of heal wounds
 h - 3 potions of haste
 i - 10 potions of curing
 o - 2 potions of might
 t - a potion of berserk rage
 u - 7 potions of attraction
 z - a potion of magic
 N - a potion of invisibility
 O - a potion of mutation
 P - a potion of brilliance


   Skills:
 + Level 9.4 Fighting
 + Level 11.4 Armour
 + Level 11.6 Dodging
 + Level 15.5 Unarmed Combat
 - Level 5.0 Spellcasting
 - Level 12.0 Transmutations
 - Level 4.0 Ice Magic
 - Level 3.0 Poison Magic


You had 11 spell levels left.
You knew the following spells:

 Your Spells              Type           Power        Failure   Level
a - Beastly Appendage     Tmut           ####..       1%          1
b - Spider Form           Tmut/Pois      ###.......   4%          3
c - Blade Hands           Tmut           ####......   7%          5
d - Ice Form              Ice/Tmut       ###.....     12%         4

Your spell library contained the following spells:

 Spells                   Type           Power        Failure   Level
 Wereblood                Tmut           ####....     1%          2
 Corona                   Hex            #......      32%         1
 Magic Dart               Conj           #...         32%         1
 Hydra Form               Tmut           ####......   36%         6
 Corpse Rot               Necr/Air       N/A          45%         2
 Searing Ray              Conj           #.....       45%         2
 Slow                     Hex            #.......     45%         2
 Dazzling Flash           Conj/Hex       #.....       69%         3
 Inner Flame              Hex/Fire       #.......     69%         3
 Portal Projectile        Hex/Tloc       #.....       69%         3
 Stone Arrow              Conj/Erth      #.....       69%         3
 Eringya's Noxious Bog    Tmut/Pois      ###.......   93%         6
 Cause Fear               Hex            #.........   97%         4
 Fulminant Prism          Conj/Hex       #.........   97%         4
 Iskenderun's Mystic Bla  Conj/Tloc      #.......     97%         4
 Leda's Liquefaction      Hex/Erth       #.........   97%         4
 Summon Forest            Summ/Tloc      #.........   100%        5
 Summon Hydra             Summ           #.........   100%        7


Dungeon Overview and Level Annotations

Branches:
Dungeon (15/15)            Temple (0/1) D:5            Lair (6/6) D:10
  Swamp (0/4) Lair:3        Snake (0/4) Lair:2        Slime (0/5) Lair:6
    Orc (0/2) D:12         Vaults (0/5) D:14        Ossuary (visited)
  IceCv (visited)         Gauntlet (visited)
 Depths: D:15

Altars:
Ashenzari
Dithmenos
Elyvilon
Ru
Trog
Wu Jian
Xom
Yredelemnul
Jiyva

Shops:
D:8 [   D:9 *

Annotations:
D:4 Menkaure
D:5 1 runed translucent door, Amon001's ghost, weakling GnDe
D:8 2 transporters, kae's ghost, novice TeTm
Lair:6 1 runed translucent door


Innate Abilities, Weirdness & Mutations

You have a beak for a mouth.
You have claws for feet.
You can fly continuously.


Message History

The meliai calls down the wrath of its god upon you.
Something smites you!
The meliai invokes the aid of its god against you.
Something smites you!
The meliai invokes the aid of its god against you.
Something smites you!
You see here a large rock.
The meliai mumbles some strange prayers to its god against you.
Something smites you!
* * * LOW HITPOINT WARNING * * *
The meliai mumbles some strange prayers to its god against you.
Something smites you!
* * * LOW HITPOINT WARNING * * *
You hear a shout!
Okay, then.
Press: ? - help, Dir - move target cursor
As you read the scroll of blinking, it crumbles to dust.
The meliai mumbles some strange prayers to its god against you.
Something smites you!
You die...

....# [...#
#.........#...y..#
....#
#.....#...#....(.#
....#
#)....#...#......#
....#
#.....#...#....o.#
....#
#.....#...#....o.#
....#
#.....#...#.....o#####
....#
#.....#...#...........
....#
#....@'...#####'#
....#
#.....#....yy(yz#
....#
#.....#.#######.y.C...
....# #.....###
###..... ..).# #.)...#
#'### ....# #.....#
... ....# #))...# ..#
....########.....# .#
............##+### .#


You could see 2 meliai.

Vanquished Creatures
  Gastronok (D:10)
  An ironheart preserver (D:14)
  A fire dragon (Lair:6)
  3 boulder beetles
  11 hydras
  9 two-headed ogres
  Erica (D:8)
  An ogre mage (D:15)
  2 death yaks (Lair:6)
  A queen ant (Lair:2)
  3 skeletal warriors (D:15)
  5 unseen horrors
  2 wizards
  A lindwurm (Lair:6)
  5 ugly things
  2 deep elf magi
  A wolf spider (D:14)
  3 cyclopes
  9 black mambas
  5 elephants (Lair:4)
  Joseph (D:7)
  3 molten gargoyles (Lair:6)
  2 ice statues (IceCv)
  A torpor snail (Lair:6)
  Maggie (D:7)
  12 cane toads
  3 gargoyles
  2 rime drakes (Lair:1)
  A kobold demonologist (D:12)
  2 freezing wraiths (D:10)
  10 komodo dragons
  An efreet (D:14)
  7 trolls
  7 ice devils (IceCv)
  2 polar bears (Lair:5)
  A tengu conjurer (D:14)
  Prince Ribbit (D:7)
  A tyrant leech (Lair:3)
  9 blink frogs
  5 dream sheep
  Sigmund (D:3)
  2 shadows
  5 wraiths
  A vampire (D:11)
  9 wyverns
  59 yaks
  A centaur simulacrum (D:15)
  3 basilisks
  3 steam dragons
  A vampire mosquito (D:12)
  A hog (shapeshifter) (D:13)
  2 swamp worms (Lair:3)
  15 soldier ants
  3 hell hounds
  11 water moccasins
  6 phantoms
  A black bear (D:9)
  A hornet zombie (D:10)
  6 orc warriors
  2 eyes of draining (D:10)
  7 sky beasts
  2 necrophages
  7 ogres
  A boggart (D:14)
  14 centaurs
  19 wolves
  2 big kobolds (D:9)
  16 bullfrogs
  A gnoll sergeant (D:9)
  A wyvern zombie (D:14)
  A scorpion (D:13)
  6 killer bees
  2 howler monkeys
  2 vampire bats (D:13)
  12 wights
  An electric eel (Lair:4)
  2 bullfrog zombies
  4 centaur zombies
  2 quasits
  5 lava snakes (Lair:6)
  6 jellies
  7 orc priests
  3 bullfrog skeletons
  5 hounds
  11 orc wizards
  4 centaur skeletons
  8 iguanas
  34 worker ants
  2 big kobold zombies (Ossuary)
  4 hound skeletons
  8 mummies (Ossuary)
  A howler monkey zombie (D:6)
  2 worker ant zombies
  11 gnolls
  12 adders
  A shadow imp (D:8)
  24 white imps
  13 ufetubi
  An ooze (D:2)
  4 worms
  4 dart slugs
  2 leopard geckos
  48 orcs
  3 ball pythons
  6 giant cockroaches
  A gnoll zombie (Ossuary)
  8 goblins
  7 hobgoblins
  10 jackals
  15 kobolds
  7 quokkas
  18 bats
  3 frilled lizards
  A goblin zombie (D:8)
  2 hobgoblin zombies (Ossuary)
  A jackal zombie (D:9)
  2 kobold zombies (Ossuary)
  An orc zombie (Ossuary)
  9 rats
  A rat zombie (D:8)
  A spectral orc (D:4)
690 creatures vanquished.

Vanquished Creatures (others)
  A reaper (IceCv)
  A redback (D:14)
  A white imp (IceCv)
  2 ufetubi (IceCv)
  24 fungi
  47 plants
76 creatures vanquished.

Grand Total: 766 creatures vanquished

Notes
Turn   | Place    | Note
-------+----------+-------------------------------------------
     0 | D:1      | kae the Tengu Transmuter began the quest for the Orb.
     0 | D:1      | Reached XP level 1. HP: 12/12 MP: 4/4
   279 | D:1      | Reached XP level 2. HP: 10/16 MP: 4/6
  1129 | D:1      | Reached XP level 3. HP: 19/20 MP: 5/7
  1680 | D:2      | Learned a level 3 spell: Spider Form
  2073 | D:2      | Found an ornate altar of the Wu Jian Council.
  2183 | D:2      | Became a worshipper of the Wu Jian Council
  2325 | D:2      | Reached XP level 4. HP: 19/25 MP: 6/8
  2665 | D:2      | Reached skill level 4 in Unarmed Combat
  2809 | D:2      | Reached skill level 1 in Armour
  2918 | D:2      | Found a sacrificial altar of Ru.
  3074 | D:3      | Reached skill level 1 in Poison Magic
  3081 | D:3      | Noticed Sigmund
  3276 | D:3      | Gained mutation: You can fly continuously. [Tengu growth]
  3276 | D:3      | Reached XP level 5. HP: 30/30 MP: 2/9
  3382 | D:3      | Killed Sigmund
  3382 | D:3      | Reached XP level 6. HP: 14/35 MP: 7/11
  3752 | D:3      | Found a shimmering altar of Xom.
  3833 | D:3      | Reached * piety under Wu Jian
  4217 | D:4      | Noticed Menkaure
  4700 | D:4      | Found a basalt altar of Yredelemnul.
  4812 | D:5      | Entered Level 5 of the Dungeon
  5051 | D:5      | Found a runed translucent door.
  5129 | D:5      | Found a staircase to the Ecumenical Temple.
  5262 | D:4      | Reached XP level 7. HP: 28/40 MP: 12/12
  5394 | D:5      | Found a white marble altar of Elyvilon.
  5501 | D:5      | Reached skill level 5 in Unarmed Combat
  5642 | D:5      | Found a broken altar of Ashenzari.
  5642 | D:5      | Found a shadowy altar of Dithmenos.
  5779 | D:5      | Noticed Amon001's ghost (weakling GnDe)
  6228 | D:6      | Reached XP level 8. HP: 41/45 MP: 10/13
  6290 | D:6      | Reached ** piety under Wu Jian
  6736 | D:6      | Reached skill level 6 in Unarmed Combat
  6882 | D:6      | Found a bloodstained altar of Trog.
  6898 | D:6      | HP: 1/46 [wight/cursed +2 battleaxe (16)]
  7826 | D:7      | Noticed Prince Ribbit
  7836 | D:7      | Killed Prince Ribbit
  8276 | D:7      | Reached XP level 9. HP: 46/52 MP: 15/15
  8298 | D:7      | Reached skill level 7 in Unarmed Combat
  8444 | D:7      | Noticed Maggie
  8487 | D:7      | Killed Maggie
  8487 | D:7      | Reached skill level 5 in Transmutations
  8710 | D:7      | Noticed Joseph
  8713 | D:7      | Reached skill level 5 in Dodging
  9328 | D:7      | Killed Joseph
  9764 | D:8      | Reached skill level 8 in Unarmed Combat
  9861 | D:8      | Noticed a two-headed ogre
  9861 | D:8      | HP: 2/52 [two-headed ogre/+0 giant club (21)]
  9995 | D:8      | Found a transporter.
 10053 | D:8      | Found a sand-covered staircase.
 10060 | Ossuary  | Entered an ossuary
 10082 | Ossuary  | Reached *** piety under Wu Jian
 10685 | D:8      | Reached XP level 10. HP: 47/58 MP: 11/17
 10710 | D:8      | Identified the +3 buckler "Put-Me-On" {rF+ Regen+ Int+3
                  | SInv}
 10710 | D:8      | Identified the ring of Rock {rPois rF++ Str-5 SInv Stlth-}
 10750 | D:8      | Noticed Erica
 10780 | D:8      | Found a transporter.
 10795 | D:8      | Killed a two-headed ogre
 10795 | D:8      | Reached skill level 5 in Armour
 10838 | D:8      | Found Qoloo's Antique Armour Shop.
 10842 | D:8      | Reached skill level 5 in Fighting
 10959 | D:8      | Learned a level 5 spell: Blade Hands
 10964 | D:8      | Learned a level 4 spell: Ice Form
 11084 | D:8      | Found a viscous altar of Jiyva.
 11196 | D:8      | Reached skill level 5 in Spellcasting
 11555 | D:8      | Bought a glowing cloak for 172 gold pieces
 11624 | D:8      | Killed Erica
 11624 | D:8      | Reached skill level 9 in Unarmed Combat
 12700 | D:9      | Noticed a two-headed ogre
 12702 | D:9      | Found Dutt's General Store.
 12711 | D:9      | Killed a two-headed ogre
 12711 | D:9      | Reached XP level 11. HP: 37/64 MP: 15/19
 12725 | D:9      | Reached **** piety under Wu Jian
 12844 | D:9      | Reached skill level 10 in Unarmed Combat
 13048 | D:9      | Got a jewelled cloak
 13059 | D:9      | Identified the +0 cloak "Asopluas" {Int+4 Dex+4} (You found
                  | it on level 9 of the Dungeon)
 13546 | D:10     | Entered Level 10 of the Dungeon
 13546 | D:10     | Noticed a death knight
 14158 | D:10     | Noticed a wizard
 14176 | D:10     | Killed a wizard
 14177 | D:10     | Reached skill level 11 in Unarmed Combat
 14274 | D:10     | Identified the ring "Siwn" {rPois MR+ rCorr MP-9 Dex+3}
 14829 | D:10     | Killed an unseen horror
 15028 | D:10     | Noticed Gastronok
 15503 | D:8      | Noticed kae's ghost (novice TeTm)
 15649 | D:10     | Found a staircase to the Lair.
 15909 | D:10     | Killed Gastronok
 15909 | D:10     | Reached XP level 12. HP: 15/70 MP: 6/20
 16415 | D:11     | Reached ***** piety under Wu Jian
 16752 | D:11     | Reached skill level 12 in Unarmed Combat
 17055 | D:11     | Identified a scroll of acquirement
 17055 | D:11     | Acquired 1236 gold pieces
 17084 | Lair:1   | Entered Level 1 of the Lair of Beasts
 17093 | Lair:1   | Reached skill level 10 in Transmutations
 17105 | Lair:1   | Noticed a seven-headed hydra
 17167 | Lair:1   | Killed a seven-headed hydra
 17446 | Lair:1   | Reached skill level 1 in Ice Magic
 18795 | Lair:2   | Noticed a queen ant
 18837 | Lair:2   | Killed a queen ant
 18862 | Lair:2   | Reached XP level 13. HP: 29/74 MP: 9/21
 19328 | Lair:2   | Reached skill level 13 in Unarmed Combat
 19709 | Lair:2   | Found a staircase to the Snake Pit.
 21176 | Lair:3   | Found a staircase to the Swamp.
 21735 | Lair:4   | Reached skill level 14 in Unarmed Combat
 23395 | Lair:5   | Reached XP level 14. HP: 80/80 MP: 8/22
 23397 | Lair:5   | Reached ****** piety under Wu Jian
 23891 | Lair:6   | Entered Level 6 of the Lair of Beasts
 25039 | Lair:6   | Found a runed translucent door.
 25039 | Lair:6   | Found a viscous altar of Jiyva.
 25402 | Lair:6   | Noticed an acid blob
 25403 | Lair:6   | Found a staircase to the Slime Pits.
 25403 | Lair:6   | Noticed an acid blob
 25841 | Lair:6   | Found a large runed translucent door.
 25841 | Lair:6   | Found a large runed translucent door.
 26535 | D:12     | Reached skill level 10 in Dodging
 26775 | D:12     | Reached skill level 10 in Armour
 27297 | D:12     | Found a staircase to the Orcish Mines.
 27591 | D:13     | Reached XP level 15. HP: 85/88 MP: 11/23
 27649 | D:13     | Reached skill level 15 in Unarmed Combat
 27683 | D:13     | Found a gate leading to a gauntlet.
 27703 | Gauntlet | Entered a Gauntlet
 27703 | Gauntlet | Found a transporter.
 27907 | Gauntlet | Found the +2 cloak of the Thief {*Fog Slay-2 SInv Stlth+}
 27909 | Gauntlet | Found a transporter.
 27909 | Gauntlet | Found a transporter.
 27910 | Gauntlet | Found a transporter.
 27918 | Gauntlet | Found a transporter.
 27921 | Gauntlet | Found a transporter.
 27922 | Gauntlet | Found a transporter.
 27931 | Gauntlet | Found a transporter.
 27933 | Gauntlet | Found a transporter.
 27934 | Gauntlet | Found a transporter.
 27936 | Gauntlet | Noticed a balrug
 27942 | Gauntlet | Found a transporter.
 27945 | Gauntlet | Found a transporter.
 27946 | Gauntlet | Found a transporter.
 27952 | Gauntlet | Found a runed translucent gate.
 27952 | Gauntlet | Found a runed translucent gate.
 27952 | Gauntlet | Found a runed translucent gate.
 27954 | Gauntlet | Found a transporter.
 28730 | D:14     | Found a frozen archway.
 28771 | IceCv    | Entered an ice cave
 29142 | IceCv    | Got a pair of bloodstained gloves
 29161 | IceCv    | Identified the +2 pair of gloves "Pifuad" {Rampage Str+2
                  | Int-5} (You found it in an ice cave)
 29966 | D:14     | Found a gate to the Vaults.
 30240 | D:15     | Entered Level 15 of the Dungeon
 31185 | D:15     | Killed from afar by a meliai

Illustrated notes

Levels and vault maps discovered:
D:1:      doesnt_arrival_eight_statues, layout_loops_ring
D:2:      layout_rooms, lemuel_coloured_pillars_altar, old_standard_altar,
          minmay_misc_feat_four_crosses
D:3:      layout_rooms, nicolae_overflow_crystal_walls, uniq_sigmund
D:4:      layout_basic, yredelemnul_forgotten_temple_becter, uniq_menkaure
D:5:      layout_cave_pools, gammafunk_temple_overflow_elements,
          minmay_temple_entry_slanted, ebering_ghost_sewer_d, elyvilon_altar_1
D:6:      layout_cave_pools, nicolae_overflow_hidden_temple
D:7:      layout_loops_cross, uniq_joseph, uniq_maggie, uniq_prince_ribbit1
D:8:      layout_loops_corners, serial_shops, shop_statue,
          gammafunk_ghost_gnarly_gnolls, enter_ossuary_4, jiyva_altar_1,
          uniq_erica
D:9:      layout_gridville, serial_shops, shop, kennysheep_generic_room_5
D:10:     kennysheep_windowed_halls, layout_loops_ring, lair_entry_dummy,
          uniq_gastronok
D:11:     layout_big_octagon, chequers_serial_rivers_small_b,
          kennysheep_generic_room_16
D:12:     cheibrodos_fzero, layout_long_grid, hiddenorc1_lemuel
D:13:     layout_rooms, gauntlet_entry_generic, roderic_batcave
D:14:     layout_basic, skrybe_vaults_entry_preservation,
          portal_ice_cave_entry_imps, minivault_12
D:15:     grunt_enter_depths_magical_seal, layout_gridville
Lair:1:   layout_chaotic_city, st_stairs_11
Lair:2:   layout_layer_cave, dummy_snake_entry, zaba_anthell,
          infiniplex_staircase_pool_2
Lair:3:   layout_roguey, palyth_hydra_swamp_entry
Lair:4:   layout_cave_pods, infiniplex_staircase_pool
Lair:5:   layout_misc_corridors, chequers_serial_rivers_micro_e,
          beast_lair_carwin_10, lemuel_fruit_fields
Lair:6:   cheibrodos_lair_end_hotspot, layout_gridlike, slime_altar_2

Skill      XL: |  1  2  3  4  5  6  7  8  9 10 11 12 13 14 15 |
---------------+----------------------------------------------+-----
Transmutations | 2 3 4 5 7 9 11 12 | 12.0
Unarmed Combat | 4 5 6 8 9 11 12 14 15 | 15.5
Armour         | 1 2 3 4 6 8 10 11 | 11.4
Poison Magic   | 1 2 3 |  3.0
Fighting       | 2 3 4 5 6 8 9 |  9.4
Dodging        | 3 4 5 6 8 10 11 | 11.6
Spellcasting   | 3 4 5 |  5.0
Ice Magic      | 4 |  4.0

Action                   |  1- 3 |  4- 6 |  7- 9 | 10-12 | 13-15 || total
-------------------------+-------+-------+-------+-------+-------++-------
Melee: Unarmed           |    83 |   155 |   400 |   585 |   957 ||  2180
       Kick              |    21 |    35 |    22 |   127 |   291 ||   496
       Peck              |    16 |    15 |    17 |    75 |   192 ||   315
       Headbutt          |     8 |    15 |     4 |     3 |     2 ||    32
       Punch             |     1 |     1 |     1 |    31 |    68 ||   102
 Cast: Beastly Appendage |    21 |    27 |     6 |     4 |     1 ||    59
       Spider Form       |       |     6 |    39 |    24 |     1 ||    70
       Blade Hands       |       |       |       |    29 |    90 ||   119
       Ice Form          |       |       |       |     2 |     8 ||    10
Invok: Lunge             |     1 |    18 |    27 |    36 |    56 ||   138
       Whirlwind         |       |       |    16 |    11 |    21 ||    48
       Serpent's Lash    |       |       |       |     1 |     2 ||     3
 Abil: Fly               |       |     1 |       |       |       ||     1
       Wall Jump         |       |       |     2 |     1 |     1 ||     4
Evoke: Wand              |       |       |       |     2 |       ||     2
  Use: Scroll            |       |    13 |    10 |    11 |    16 ||    50
       Potion            |       |       |     1 |     2 |       ||     3
 Stab: Sleeping          |       |     2 |       |       |       ||     2
       Distracted        |       |       |       |     1 |       ||     1
Armor: Robe              |     9 |    15 |     8 |       |       ||    32
       Leather armour    |     4 |     9 |       |       |       ||    13
       Skin              |       |     2 |     3 |     2 |     7 ||    14
       Swamp dragon scal |       |       |     1 |    76 |   198 ||   275
Dodge: Dodged            |    73 |    98 |   290 |   505 |   847 ||  1813

Table legend: (Time is in decaauts)
 A = Elapsed time spent in this place.
 B = Non-inter-level travel time spent in this place.
 C = Inter-level travel time spent in this place.
 D = Time resting spent in this place.
 E = Time spent auto-exploring this place.
 F = Levels seen in this place.
 G = Mean time per level.
                   A        B        C        D        E       F      G
               +--------+--------+--------+--------+--------+-----+--------+
         Total |  29649 |  28526 |   1123 |   4150 |  19592 |  24 | 1235.4 |
       Dungeon |  19222 |  18335 |    887 |   2384 |  12750 |  15 | 1281.5 |
          Lair |   8703 |   8467 |    236 |   1718 |   5643 |   6 | 1450.5 |
       Ossuary |    528 |    528 |      0 |      5 |    399 |   1 |  528.0 |
      Ice Cave |    781 |    781 |      0 |     20 |    497 |   1 |  781.0 |
      Gauntlet |    414 |    414 |      0 |     23 |    301 |   1 |  414.0 |
               +--------+--------+--------+--------+--------+-----+--------+

Top non-repeatable levels by time:
     D:7: 2218 daAuts
     D:8: 2053 daAuts
    D:10: 1921 daAuts
  Lair:6: 1726 daAuts
     D:1: 1713 daAuts
     D:2: 1683 daAuts
  Lair:4: 1660 daAuts
     D:9: 1611 daAuts
     D:5: 1503 daAuts
  Lair:5: 1442 daAuts
  Lair:2: 1414 daAuts
  Lair:1: 1380 daAuts
     D:6: 1124 daAuts
  Lair:3: 1078 daAuts
    D:12: 1016 daAuts
